 Dungeon Sprint DCSS version 0.31.0-32-g396128a36d (webtiles) character file.

Game seed: 11461477005316888537

539 Heoruswealwe the Spear-Bearer (level 7, -6/71 HPs)
             Began as a Minotaur Fighter on Mar 13, 2024.
             Was an Initiate of Gozag.
             Mangled by a two-headed ogre
             ... wielding a +0 giant spiked club
              (25 damage)
             ... in the Dungeon (Sprint IX: "|||||||||||||||||||||||||||||").
             The game lasted 00:01:06 (104 turns).

Heoruswealwe the Spear-Bearer (Minotaur Fighter)     Turns: 104, Time: 00:01:07

Health: -6/71      AC:  8    Str: 22    XL:     7   Next: 5%
Magic:  6/6        EV:  9    Int:  5    God:    Gozag
Gold:   0          SH:  4    Dex: 10    Spells: 6/6 levels left

rFire   . . .        a - +0 trident
rCold   . . .        d - +0 buckler
rNeg    . . .        c - +0 scale mail
rPois   .            (helmet restricted)
rElec   .            (no cloak)
rCorr   .            (no gloves)
SInv    .            (no boots)
Will    .....        (no amulet) Stlth
                     (no ring)
HPRegen 0.31/turn    (no ring)
MPRegen 0.10/turn

%: no teleportation
@: gold aura
A: horns 2, retaliatory headbutt
a: Renounce Religion, Potion Petition, Call Merchant, Bribe Branch


You were in the Dungeon.
You worshipped Gozag.
Gozag was noncommittal.
You visited 1 branch

Inventory:

Hand Weapons
 a - a +0 trident (weapon)
Armour
 c - a +0 scale mail (worn)
 d - a +0 buckler (worn)
Jewellery
 k - a +2 ring of evasion
 l - a +3 ring of dexterity
Wands
 h - a wand of iceblast (10)
Scrolls
 j - 2 scrolls of blinking
Potions
 b - a potion of might
 e - 2 potions of heal wounds
 f - 4 potions of curing
 g - a potion of haste
 i - a potion of berserk rage


   Skills:
 + Level 9.8 Fighting
 * Level 12.9 Polearms
 + Level 9.8 Armour
 - Level 3.6 Shields


You had 6 spell levels left.
You didn't know any spells.
Your spell library was empty.

Dungeon Overview and Level Annotations

Branches:
Dungeon (1/1)

Altars:
Cheibriados
Dithmenos
Elyvilon
Fedhas
Gozag
Hepliaklqana
Kikubaaqudgha
Makhleb
Nemelex Xobeh
Okawaru
Qazlal
Ru
Sif Muna
Trog
Uskayaw
Vehumet
Wu Jian
Xom
Yredelemnul
Zin
The Shining One
Jiyva
Lugonu


Innate Abilities, Weirdness & Mutations

You have a pair of horns on your head.
You reflexively headbutt those who attack you in melee.


Message History

k - a +2 ring of evasion
l - a +3 ring of dexterity You open the door.
A hornet, a kobold brigand, 2 orc warriors, a two-headed ogre and an acid dragon come into view.
The kobold brigand is wielding a +0 dagger and quivering curare-tipped darts.
The orc warrior shouts!
The hornet buzzes angrily.
The kobold brigand shouts!
The acid dragon roars!
You barely miss the acid dragon. The acid dragon completely misses you.
The acid dragon claws you but does no damage.
You hit the acid dragon. Your headbutt misses the acid dragon.
The acid dragon is lightly wounded.
The acid dragon barely misses you. You furiously retaliate!
You headbutt the acid dragon!
The acid dragon claws you but does no damage.
You puncture the acid dragon! You headbutt the acid dragon.
The acid dragon is almost dead.
You barely miss the acid dragon.
The acid dragon is almost dead.
The acid dragon bites you.
The acid dragon claws you but does no damage.
You closely miss the acid dragon. You headbutt the acid dragon.
You kill the acid dragon!
You have reached level 7!
You hit the two-headed ogre.
The two-headed ogre is lightly wounded.
The two-headed ogre closely misses you.
The two-headed ogre hits you with a +0 giant club!!
* * * LOW HITPOINT WARNING * * *
You puncture the two-headed ogre!
The two-headed ogre is moderately wounded.
The hornet is distracted by your dazzling golden aura.
You barely miss the two-headed ogre.
The two-headed ogre is moderately wounded.
You barely miss the two-headed ogre.
Your headbutt misses the two-headed ogre.
The two-headed ogre is moderately wounded.
The hornet is no longer distracted by gold.
The two-headed ogre hits you with a +0 giant spiked club!!
You die...
Your body crumbles into a pile of gold.

▓.▓
▓o▓
▓.▓
▓y▓
▓K▓
▓o▓
▓O▓
▓@▓
▓.▓
▓[▓
▓[▓
▓[▓
▓.▓
▓)▓
▓?▓
▓!▓


You could see a two-headed ogre, a hornet, 2 orc warriors and a kobold brigand.

Vanquished Creatures
  An acid dragon (D)
  A water moccasin (D)
  A black bear (D)
  2 ogres (D)
  A scorpion (D)
  A ball python (D)
  A bat (D)
  An endoplasm (D)
  2 hobgoblins (D)
11 creatures vanquished.

Notes
Turn   | Place    | Note
-------+----------+-------------------------------------------
     0 | D        | Heoruswealwe the Minotaur Fighter began the quest for the
                  | Orb.
     0 | D        | Reached XP level 1. HP: 19/19 MP: 0/0
     6 | D        | Reached skill level 3 in Polearms
    14 | D        | Reached skill level 4 in Polearms
    18 | D        | Noticed an ogre
    18 | D        | Noticed a water moccasin
    18 | D        | Noticed a black bear
    18 | D        | Noticed a scorpion
    18 | D        | Noticed an ogre
    21 | D        | Killed an ogre
    22 | D        | Reached skill level 7 in Polearms
    22 | D        | Reached XP level 2. HP: 27/30 MP: 1/1
    22 | D        | Reached XP level 3. HP: 34/37 MP: 2/2
    22 | D        | Reached XP level 4. HP: 40/44 MP: 3/3
    27 | D        | Killed a scorpion
    28 | D        | Reached skill level 9 in Polearms
    28 | D        | Reached XP level 5. HP: 39/52 MP: 4/4
    31 | D        | Killed a black bear
    32 | D        | Reached skill level 10 in Polearms
    38 | D        | Killed a water moccasin
    39 | D        | Reached skill level 11 in Polearms
    39 | D        | Reached XP level 6. HP: 36/62 MP: 5/5
    45 | D        | Reached skill level 12 in Polearms
    51 | D        | Found a snail-covered altar of Cheibriados.
    51 | D        | Found a shadowy altar of Dithmenos.
    51 | D        | Found a white marble altar of Elyvilon.
    51 | D        | Found a blossoming altar of Fedhas.
    51 | D        | Found an opulent altar of Gozag.
    52 | D        | Found a hazy altar of Hepliaklqana.
    53 | D        | Found a viscous altar of Jiyva.
    54 | D        | Found an ancient bone altar of Kikubaaqudgha.
    55 | D        | Found a corrupted altar of Lugonu.
    56 | D        | Found a burning altar of Makhleb.
    57 | D        | Found a sparkling altar of Nemelex Xobeh.
    58 | D        | Found an iron altar of Okawaru.
    59 | D        | Became a worshipper of Gozag Ym Sagoz the Greedy
    60 | D        | Found a stormy altar of Qazlal.
    61 | D        | Found a sacrificial altar of Ru.
    62 | D        | Found a shimmering blue altar of Sif Muna.
    63 | D        | Found a bloodstained altar of Trog.
    64 | D        | Found a hide-covered altar of Uskayaw.
    65 | D        | Found a radiant altar of Vehumet.
    66 | D        | Found an ornate altar of the Wu Jian Council.
    67 | D        | Found a shimmering altar of Xom.
    68 | D        | Found a basalt altar of Yredelemnul.
    69 | D        | Found a glowing silver altar of Zin.
    70 | D        | Found a glowing golden altar of the Shining One.
    95 | D        | Noticed an orc warrior
    95 | D        | Noticed a hornet
    95 | D        | Noticed an orc warrior
    95 | D        | Noticed a two-headed ogre
    95 | D        | Noticed an acid dragon
   100 | D        | Killed an acid dragon
   101 | D        | Reached XP level 7. HP: 40/71 MP: 6/6
   104 | D        | Mangled by a two-headed ogre

Illustrated notes

Levels and vault maps discovered:
D:        linesprint [early_d, line_temple, items_1, d_10, items_2, lair_1,
          lair_end, items_3, orc_1, orc_end, items_4, d_15, swamp_1, shoals_1,
          snake_1, spider_1, d_20, vaults_1, items_5, swamp_end, shoals_end,
          snake_end, spider_end, vaults_end, d_27, items_6, zot_1, zot_end,
          crypt_end, forest_end, elf_end, slime_end, tomb_end, abyss_end,
          pan_hell_end]

Skill      XL: |  1  2  3  4  5  6 |
---------------+-------------------+-----
Polearms       | 7 9 11 12 | 12.9
Fighting       | 6 7 8 9 |  9.8
Armour         | 6 7 8 9 |  9.8
Shields        | |  3.6

Action                     |  1- 3 |  4- 6 |  7- 9 || total
---------------------------+-------+-------+-------++-------
  Melee: Trident           |    11 |    26 |     4 ||    41
         Headbutt          |     1 |     6 |       ||     7
    Use: Potion            |       |     2 |       ||     2
 Armour: Scale mail        |     6 |    18 |     2 ||    26
  Dodge: Dodged            |     5 |     8 |     1 ||    14
  Block: Buckler           |     2 |     2 |       ||     4
